 Dungeon Crawl Stone Soup version 0.30-a0-779-g7971cf19c3 (webtiles) character file.

Game seed: 2311230855194631056

30 Esekla the Sneak (level 3, 14/26 HPs)
             Began as an Octopode Delver on Feb 17, 2023.
             Quit the game on level 5 of the Dungeon.
             The game lasted 00:02:49 (139 turns).

Esekla the Sneak (Octopode Delver)                   Turns: 139, Time: 00:02:49

Health: 14/26      AC:  1    Str: 11    XL:     3   Next: 18%
Magic:  3/3        EV: 13    Int: 14    God:
Gold:   16         SH:  0    Dex: 13    Spells: 3/3 levels left

rFire   . . .      SeeInvis .    a - +0 falchion
rCold   . . .      Faith    .    (no shield)
rNeg    . . .      Spirit   .    (helmet restricted)
rPois   .          Reflect  .    (no amulet)
rElec   .          Harm     .    (no ring)
rCorr   .          Rampage  .    (no ring)
Will    .....                    (no ring)
Stlth   ++++                     (no ring)
HPRegen 0.24/turn                (no ring)
MPRegen 0.08/turn                (no ring)
                                 (no ring)
                                 (no ring)

@: hasted (expiring), very quick
A: almost no armour, amphibious, 8 rings, camouflage 1, gelatinous body 1,
(nimble swimmer 1), tentacles
a: no special abilities


You were on level 5 of the Dungeon.
You visited 1 branch of the dungeon, and saw 1 of its levels.

You collected 16 gold pieces.

Inventory:

Hand Weapons
 a - a +0 falchion (weapon)
Scrolls
 b - a scroll of fog
 c - a scroll of identify {unknown}
Potions
 d - a potion of invisibility {unknown}


   Skills:
 * Level 3.2 Fighting
 * Level 2.2 Long Blades
 * Level 2.2 Dodging
 + Level 7.2 Stealth
 * Level 0.5 Spellcasting


You had 3 spell levels left.
You didn't know any spells.
Your spell library contained the following spells:

 Spells                   Type           Power      Damage    Failure   Level
 Dazzling Flash           Conj/Hex       0%         N/A       63%         3
 Iskenderun's Mystic Bla  Conj/Tloc      0%         2d3       95%         4
 Starburst                Conj/Fire      0%         6d3       100%        6


Dungeon Overview and Level Annotations

Branches:
Dungeon (5/15)
 Temple: D:4-7

Altars:
Makhleb
Nemelex Xobeh

Portals:
Sewer: D:5


Innate Abilities, Weirdness & Mutations

You cannot wear most types of armour.
You are amphibious.
You can wear up to eight rings at the same time.
Your skin changes colour to match your surroundings (Stealth+).
Your rubbery body absorbs attacks. (AC +1, EV +1)
((You are camouflaged when in or above water. (Stealth+)))
You have tentacles for arms and can constrict up to eight enemies at once.


Message History

You close the door.
There is a sparkling altar of Nemelex Xobeh here.
There is an open door here.
The yak bellows!
You hear a bellow! x2
A yak comes into view.
The yak bellows! x2
You feel yourself speed up.
You hear the slow rusting of a very distant drain.
Aiming: Dig
Press: ? - help, Shift-Dir - straight line A rock wall.
The rock shatters into small pieces.
The yak barely misses you.
A gnoll comes into view. It is wielding a +0 flail.
A gnoll comes into view. It is wielding a +0 spear.
Found a silver wand.
A gnoll and an ogre come into view.
The ogre shouts!
The gnoll shouts! x2
The gnoll hits you with a +0 spear. The gnoll hits you with a +0 flail.
The gnoll hits you from afar with a +0 spear!
The gnoll closely misses you.
An ice beast comes into view.
Found a stone staircase leading down.
An orc comes into view.
It is wielding a +0 club. 3 orcs come into view.
Found a runed whip.
The orc shouts! x2; You hear a shout!
Aiming: Dig
Press: ? - help, Shift-Dir - straight line A rock wall.
The rock shatters into small pieces.
Aiming: Dig
Press: ? - help, Shift-Dir - straight line, f - you Please select a direction to dig.
Okay, then.
Aiming: Dig
Press: ? - help, Shift-Dir - straight line A rock wall.
The rock shatters into small pieces.
The now-empty wand crumbles to dust.
Your extra speed is starting to run out.
Are you sure you want to abandon this character and quit the game? (Confirm with "yes".)

....##.......g........#*#*,****,,
...###....Y...Og......#.##.,,,,,,
#####...♣#.##......#.##....,,,,,*
♣..♣♣ #.#........o..o..,,,***
♣♣.* #.#####..Yo.o...,,** ♣.* #.#
#..o#...#,,** *,* #.#
###Y#*o##*** *,** #.###.##***
*,,** #@#.## **,,* ##.## *,_**
#.## **,,* #.# **** #.# #.# ##


You could see a yak.

Vanquished Creatures
  A hound (D:5)
1 creature vanquished.

Notes
Turn   | Place    | Note
-------+----------+-------------------------------------------
     0 | D:5      | Esekla the Octopode Delver began the quest for the Orb.
     0 | D:5      | Reached XP level 1. HP: 16/16 MP: 1/1
     3 | D:5      | Found a glowing drain.
    31 | D:5      | Noticed a hound
    38 | D:5      | Killed a hound
    39 | D:5      | Reached skill level 7 in Stealth
    39 | D:5      | Reached XP level 2. HP: 21/21 MP: 2/2
    39 | D:5      | Reached XP level 3. HP: 26/26 MP: 3/3
    41 | D:5      | Found a burning altar of Makhleb.
    52 | D:5      | Noticed a yak
    53 | D:5      | Noticed a yak
    53 | D:5      | Noticed a yak
    54 | D:5      | Noticed a yak
    61 | D:5      | Found a sparkling altar of Nemelex Xobeh.
    74 | D:5      | Noticed a yak
    98 | D:5      | Noticed a yak
   109 | D:5      | Noticed an ogre
   124 | D:5      | Noticed an ice beast
   139 | D:5      | Quit the game

Illustrated notes

Levels and vault maps discovered:
D:5:      layout_cave_pools, overflow_temple_1_default, fedhas_altar_4,
          kennysheep_little_box, portal_sewer_entry_a, glass_columns_c

Skill      XL: |  1 |
---------------+----+-----
Stealth        | 7 |  7.2
Fighting       | |  3.2
Long Blades    | |  2.2
Dodging        | |  2.2
Spellcasting   | |  0.5

Action                     || total
---------------------------++-------
  Melee: Falchion          ||     2
         Constrict         ||     1
         Tentacles         ||     1
  Evoke: Wand              ||     3
    Use: Scroll            ||     2
         Potion            ||     1
  Dodge: Dodged            ||     3

Table legend: (Time is in decaauts)
 A = Elapsed time spent in this place.
 B = Non-inter-level travel time spent in this place.
 C = Inter-level travel time spent in this place.
 D = Time resting spent in this place.
 E = Time spent auto-exploring this place.
 F = Levels seen in this place.
 G = Mean time per level.
                   A        B        C        D        E       F      G
               +--------+--------+--------+--------+--------+-----+--------+
         Total |    127 |    127 |      0 |      0 |      0 |   1 |  127.0 |
       Dungeon |    127 |    127 |      0 |      0 |      0 |   1 |  127.0 |
               +--------+--------+--------+--------+--------+-----+--------+

Top non-repeatable levels by time:
     D:5: 127 daAuts
